 Dungeon Crawl Stone Soup version 0.17-a0-15-g0155121 (webtiles) character file.

36474 pipqiq the Protected (level 13, -1/174 HPs)
             Began as a Minotaur Fighter on Mar 4, 2015.
             Was an Elder of Trog.
             Slain by a bog body (12 damage)
             ... on level 3 of the Swamp on Mar 5, 2015.
             The game lasted 04:39:19 (21357 turns).

pipqiq the Protected (Minotaur Fighter)            Turns: 21357, Time: 04:39:20

Health: -1/174     AC: 27    Str: 31    XL:     13   Next: 53%
Magic:  5/5        EV: 13    Int:  7    God:    Trog [****..]
Gold:   655        SH: 16    Dex: 17    Spells: 0 memorised, 12 levels left

rFire  . . .     SeeInvis +     w - +4 dagger of Tworut {pierce, rC+ SInv}
rCold  + + .     Clarity  .     N - +5 plate armour {rC+}
rNeg   + . .     SustAb   .     r - +1 shield
rPois  .         Gourm    .     (helmet restricted)
rElec  .         Spirit   .     (no cloak)
rCorr  .         Warding  .     y - +1 pair of gloves {archery}
rMut   .         Stasis   .     (no boots)
MR     .....                    (no amulet)
Stlth  ..........               S - ring "Wuk Godgh" {+Blink rN+ Int+2}
                                A - ring "Qutes" {Str+3 Dex+4}

@: berserking, very quick, not resistant to hostile enchantments, extremely
unstealthy
A: retaliatory headbutt, horns 2, iridescent scales 1
a: Burn Spellbooks, Berserk, Trog's Hand, Brothers in Arms, Renounce Religion,
Evoke Blink


You were on level 3 of the Swamp.
You worshipped Trog.
Trog was greatly pleased with you.
You were not hungry.

You visited 4 branches of the dungeon, and saw 17 of its levels.
You also visited: Labyrinth and Sewer.

You collected 767 gold pieces.
You spent 112 gold pieces at shops.

Inventory:

Hand weapons
 q - a +1 hand axe of electrocution
 s - a +0 arbalest
 w - the +4 dagger of Tworut (weapon) {pierce, rC+ SInv}
   (You found it on level 1 of the Lair of Beasts)

   It inflicts extra damage upon your enemies.
   It protects you from cold.
   It enhances your eyesight.
 B - a +0 dagger of draining
 J - a +0 long sword of holy wrath
 K - a +0 shortbow
 Q - a +1 great sword
 U - a +4 flail of crushing
Missiles
 b - 14 bolts (quivered)
 i - 10 arrows of dispersal
 k - 145 arrows
 m - 6 poisoned arrows
 Y - 5 bolts of flame
Armour
 f - a +2 pair of gloves
 r - a +1 shield (worn)
 y - a +1 pair of gloves of archery (worn)
 N - a +5 plate armour of cold resistance (worn)
Jewellery
 c - an uncursed ring of ice
 A - the ring "Qutes" (left hand) {Str+3 Dex+4}
   (You found it in a labyrinth)

   [ring of strength]

   It affects your strength (+3).
   It affects your dexterity (+4).
 E - an uncursed ring of protection from fire
 S - the ring "Wuk Godgh" (right hand) {+Blink rN+ Int+2}
   (You found it in a labyrinth)

   [ring of positive energy]

   It affects your intelligence (+2).
   It protects you from negative energy.
   It lets you blink.
 T - an uncursed ring of sustain abilities
 V - an uncursed amulet of stasis
Magical devices
 e - a wand of lightning (4)
 j - a wand of slowing (30)
 x - a wand of magic darts (3)
 C - a wand of cold (9)
 F - a wand of slowing (17)
 P - a wand of lightning (4)
 R - a wand of slowing (36)
 X - a wand of confusion (17)
Scrolls
 o - 4 scrolls of remove curse
 t - a scroll of immolation
 H - a scroll of enchant armour
 I - a scroll of recharging {unknown}
 L - 2 scrolls of brand weapon
 M - 3 scrolls of magic mapping
 O - 6 scrolls of teleportation
Potions
 g - a potion of resistance
 h - a potion of invisibility
 l - 2 potions of might
 p - a potion of cure mutation
 u - 3 potions of lignification
 z - 3 potions of restore abilities
 D - a potion of haste
 G - 2 potions of curing
 W - 2 potions of brilliance
 Z - a potion of berserk rage
Miscellaneous
 a - a disc of storms
 v - a phantom mirror
Comestibles
 d - 12 bread rations
 n - 3 meat rations


   Skills:
 + Level 11.3 Fighting
 - Level 1.5(4.3) Short Blades
 + Level 7.1(7.2) Long Blades
 + Level 9.5 Axes
 + Level 4.9 Bows
 + Level 6.8 Crossbows
 + Level 13.8 Armour
 + Level 7.6 Dodging
 + Level 0.3 Stealth
 + Level 13.8 Shields


You had 12 spell levels left.
You didn't know any spells.

Dungeon Overview and Level Annotations

Branches:
Dungeon (9/15)             Temple (1/1) D:4            Lair (4/8) D:9
  Swamp (3/5) Lair:4
  Snake: Lair:3-6    Spider: Lair:3-6       Orc: D:9-12

Altars:
Ashenzari
Cheibriados
Dithmenos
Elyvilon
Fedhas
Gozag
Kikubaaqudgha
Makhleb
Nemelex Xobeh
Okawaru
Qazlal
Ru
Trog
Vehumet
Xom
Yredelemnul
Zin
The Shining One

Shops:
D:5 *   D:6 *   D:8 (


Innate Abilities, Weirdness & Mutations

You reflexively headbutt those who attack you in melee.
You have a pair of horns on your head.
You are partially covered in iridescent scales (AC +4).


Message History

* * * LOW HITPOINT WARNING * * *
The six-headed hydra bites you but does no damage.
The bog body gestures at you while chanting.
You easily resist.
You are too berserk!
You are too berserk!
You puncture the bog body!
You destroy the bog body!
Trog appreciates your killing of a magic user.
You barely miss the bog body.
The briar patch crumbles away.
The briar patch crumbles away.
You block the six-headed hydra's attack.
The six-headed hydra bites you but does no damage.
The six-headed hydra barely misses you.
You block the six-headed hydra's attack.
The six-headed hydra bites you.
* * * LOW HITPOINT WARNING * * *
You block the six-headed hydra's attack.
The bog body hits you!
You die...

≈.. .....♣♣≈≈
♣..≈...≈≈
≈≈≈.♣.P≈≈♣
.≈)≈......♣♣ ≈
≈≈≈≈..≈≈≈♣♣ ≈≈.
≈.≈...≈≈♣≈♣
≈..?..♣D≈n§....≈≈
♣≈..≈≈.@≈≈≈≈≈.≈.
≈≈≈.≈≈≈†≈≈≈≈≈♣.♣♣
≈≈≈....≈≈.♣≈♣
≈≈..≈≈≈≈≈.≈≈≈.
≈≈≈.≈≈≈≈≈.≈≈≈ .
...≈≈≈≈≈≈≈≈≈≈
♣...≈...≈..
♣♣.(.♣♣.♣ ♣♣♣


You could see a six-headed hydra and a bog body.

Vanquished Creatures
  A thorn hunter (Swamp:3)
  Gastronok (Lair:2)
  A minotaur (Lab)
  4 hydras
  5 alligators
  The ghost of hornqvist the Covert, an experienced OpAs of Okawaru (Lair:1)
  2 swamp dragons
  2 black mambas
  Joseph (D:7)
  2 komodo dragons
  7 spiny frogs
  2 fire drakes
  5 giant leeches
  8 blink frogs
  6 bog bodies
  3 ravens (Swamp:2)
  A basilisk (Lair:4)
  6 baby alligators
  2 shadows
  A spriggan (Lair:2)
  2 wraiths (D:7)
  10 yaks
  4 hippogriffs
  14 swamp worms
  19 insubstantial wisps
  A hungry ghost (D:8)
  Edmund (D:7)
  33 vampire mosquitoes
  6 porcupines
  The ghost of WhatIsLove the Charlatan, an average GrAr (D:3)
  2 swamp drakes
  An orc warrior (D:6)
  A necrophage (D:7)
  A black bear (D:9)
  13 water moccasins
  An ice beast (D:6)
  2 phantoms
  A wasp (D:6)
  An ogre (D:7)
  4 centaurs
  5 crocodiles
  3 big kobolds
  3 scorpions
  8 giant frogs
  3 killer bees (D:8)
  5 wights
  An electric eel (D:7)
  A giant frog zombie (D:7)
  4 goliath beetles
  A jelly (D:8)
  9 hounds
  4 human zombies (D:7)
  2 crimson imps
  4 iguanas
  2 centaur skeletons
  3 worker ants
  2 orc wizards (D:6)
  An ogre zombie (D:7)
  Ijyb (D:2)
  Jessica (D:2)
  Terence (D:2)
  2 hound skeletons
  15 adders
  A gnoll (D:1)
  17 river rats
  A shadow imp (D:8)
  3 giant mites
  3 worms
  2 adder zombies (D:7)
  An adder skeleton (D:7)
  5 giant geckos
  23 orcs
  2 ball pythons (D:2)
  10 giant cockroaches
  10 hobgoblins
  7 jackals
  4 quokkas
  8 bats
  6 giant newts
  A giant spore (D:7)
  10 goblins
  20 kobolds
  2 orc zombies (D:7)
  16 rats
  3 ballistomycetes (D:7)
  A fungus (Swamp:1)
416 creatures vanquished.

Vanquished Creatures (others)
  A giant spore (D:7)
  2 fungi (D:7)
3 creatures vanquished.

Grand Total: 419 creatures vanquished

Notes
Turn   | Place    | Note
--------------------------------------------------------------
     0 | D:1      | pipqiq, the Minotaur Fighter, began the quest for the Orb.
     0 | D:1      | Reached XP level 1. HP: 19/19 MP: 1/1
   406 | D:1      | Reached skill level 4 in Armour
   406 | D:1      | Reached XP level 2. HP: 27/27 MP: 1/1
   985 | D:2      | Noticed Ijyb
  1025 | D:2      | Killed Ijyb
  1025 | D:2      | Reached XP level 3. HP: 33/33 MP: 2/2
  1416 | D:2      | Noticed Terence
  1441 | D:2      | Killed Terence
  1695 | D:2      | Reached XP level 4. HP: 40/40 MP: 2/2
  1840 | D:2      | Noticed Jessica
  1876 | D:2      | Killed Jessica
  1876 | D:2      | Reached skill level 1 in Dodging
  2440 | D:3      | Reached XP level 5. HP: 41/47 MP: 2/2
  2618 | D:3      | Reached skill level 5 in Shields
  3066 | D:3      | Noticed WhatIsLove's ghost (average GrAr)
  3085 | D:3      | Killed WhatIsLove's ghost
  3085 | D:3      | Reached skill level 1 in Short Blades
  3085 | D:3      | Reached skill level 5 in Armour
  3085 | D:3      | Reached XP level 6. HP: 22/53 MP: 3/3
  3436 | D:3      | Found a burning altar of Makhleb.
  3640 | D:4      | Gained mutation: You are partially covered in iridescent scales (AC +4). [potion of beneficial mutation]
  3684 | D:4      | Got a silken robe
  3695 | D:4      | Identified the cursed -1 robe of Springtime {Regen+} (You found it on level 4 of the Dungeon)
  4234 | D:4      | Found a staircase to the Ecumenical Temple.
  4244 | Temple   | Entered the Ecumenical Temple
  4474 | D:5      | Entered Level 5 of the Dungeon
  4564 | D:5      | Found a glowing drain.
  4580 | Sewer    | Entered a sewer
  4589 | Sewer    | Reached skill level 6 in Shields
  4589 | Sewer    | Reached XP level 7. HP: 55/60 MP: 3/3
  4732 | Sewer    | Found a glowing silver altar of Zin.
  4880 | D:5      | Found Zin's Purification Station.
  4884 | D:5      | Found a glowing silver altar of Zin.
  4975 | D:5      | Reached skill level 5 in Fighting
  5052 | D:5      | Found a blossoming altar of Fedhas.
  5085 | D:5      | Reached skill level 1 in Axes
  5478 | D:5      | Found a shadowy altar of Dithmenos.
  6084 | D:6      | Reached XP level 8. HP: 69/69 MP: 3/3
  6099 | D:6      | Reached skill level 7 in Shields
  6408 | D:6      | Found Opuowkih's Hallowed Reliquary.
  6408 | D:6      | Noticed an angel
  6409 | D:6      | Found a glowing silver altar of Zin.
  6426 | D:6      | Bought a potion of heal wounds for 70 gold pieces
  6426 | D:6      | Bought a potion of curing for 42 gold pieces
  6426 | D:6      | Upgraded the game from 0.17-a0-4-gb793c6d to 0.17-a0-15-g0155121
  6678 | D:7      | Found a shattered altar of Ashenzari.
  7022 | D:7      | Reached skill level 5 in Long Blades
  7777 | D:7      | Found an ancient bone altar of Kikubaaqudgha.
  7800 | D:7      | Reached XP level 9. HP: 75/75 MP: 4/4
  7809 | D:7      | Reached skill level 1 in Crossbows
  7829 | D:7      | Reached skill level 8 in Shields
  7978 | D:7      | Noticed Edmund
  7995 | D:7      | Killed Edmund
  8110 | D:7      | Found a glowing golden altar of the Shining One.
  8188 | D:7      | Found a sparkling altar of Nemelex Xobeh.
  8470 | D:7      | Noticed Joseph
  8497 | D:7      | Killed Joseph
  8497 | D:7      | Reached skill level 5 in Dodging
  8663 | D:7      | Found a bloodstained altar of Trog.
  8676 | D:7      | Became a worshipper of Trog the Wrathful
  8851 | D:7      | Reached skill level 9 in Shields
  9053 | D:8      | Reached skill level 5 in Axes
  9202 | D:8      | Found Ecvisk's Antique Weapon Boutique.
  9346 | D:8      | Found an iron altar of Okawaru.
  9699 | D:8      | Reached XP level 10. HP: 78/86 MP: 4/4
  9906 | D:9      | Acquired Trog's first power
  9945 | D:9      | Found a basalt altar of Yredelemnul.
  9968 | D:9      | Found a staircase to the Lair.
 10104 | Lair:1   | Entered Level 1 of the Lair of Beasts
 10110 | Lair:1   | Reached skill level 1 in Bows
 10193 | Lair:1   | Noticed hornqvist's ghost (experienced OpAs)
 10428 | Lair:1   | Reached skill level 10 in Shields
 10678 | Lair:1   | Killed hornqvist's ghost
 10772 | Lair:1   | Acquired Trog's second power
 10826 | Lair:1   | Got a dazzling dagger
 10827 | Lair:1   | Identified the +4 dagger of Tworut {pierce, rC+ SInv} (You found it on level 1 of the Lair of Beasts)
 11576 | Lair:1   | Reached skill level 10 in Armour
 11647 | Lair:1   | Reached XP level 11. HP: 93/95 MP: 4/4
 11659 | Lair:2   | Found a labyrinth entrance.
 11670 | Lab      | Entered a labyrinth
 11899 | Lab      | Noticed a minotaur
 11918 | Lab      | Killed a minotaur
 11926 | Lab      | Got a faintly glowing jade ring
 12103 | Lab      | Got a bound marble ring
 12175 | Lair:2   | Identified the ring "Qutes" {Str+3 Dex+4} (You found it in a labyrinth)
 12176 | Lair:2   | Identified the ring "Wuk Godgh" {+Blink rN+ Int+2} (You found it in a labyrinth)
 12196 | Lair:2   | Reached skill level 11 in Shields
 12258 | Lair:2   | Noticed Gastronok
 12278 | Lair:2   | Killed Gastronok
 12308 | Lair:2   | Noticed an eight-headed hydra
 12324 | Lair:2   | Killed an eight-headed hydra
 12324 | Lair:2   | Reached skill level 5 in Crossbows
 13349 | Lair:3   | Reached skill level 12 in Shields
 14073 | Lair:3   | Reached XP level 12. HP: 104/104 MP: 5/5
 14426 | Lair:4   | Found a staircase to the Swamp.
 14432 | Swamp:1  | Entered Level 1 of the Swamp
 14627 | Swamp:1  | Noticed an eight-headed hydra
 14639 | Swamp:1  | Killed an eight-headed hydra
 15049 | Swamp:1  | Acquired Trog's third power
 15886 | Swamp:1  | Reached skill level 13 in Shields
 16828 | Swamp:1  | Reached skill level 10 in Fighting
 16978 | Swamp:1  | Noticed an eight-headed hydra
 16989 | Swamp:1  | Killed an eight-headed hydra
 18288 | Swamp:1  | Received a gift from Trog
 18545 | Swamp:2  | Reached XP level 13. HP: 114/114 MP: 5/5
 18576 | Swamp:1  | HP: 5/114 [poison (poison gas)]
 18582 | Swamp:1  | HP: 4/114 [poison (poison gas)]
 18588 | Swamp:1  | HP: 4/114 [poison (poison gas)]
 18596 | Swamp:1  | HP: 4/114 [poison (poison gas)]
 19207 | Swamp:1  | Noticed a four-headed hydra
 19223 | Swamp:1  | Killed a four-headed hydra
 21329 | Swamp:3  | Noticed a thorn hunter
 21344 | Swamp:3  | Killed a thorn hunter
 21357 | Swamp:3  | Slain by a bog body

Action                   |  1- 3 |  4- 6 |  7- 9 | 10-12 | 13-15 || total
-------------------------+-------+-------+-------+-------+-------++-------
Melee: Long sword        |     9 |       |   193 |    59 |       ||   261
       Dagger            |    83 |   285 |       |    42 |    37 ||   447
       Hand axe          |     4 |    57 |   259 |   624 |   182 ||  1126
       Great sword       |       |       |     2 |    18 |       ||    20
       Unarmed           |       |       |       |       |     7 ||     7
 Fire: Hand crossbow     |       |       |    13 |       |       ||    13
Invok: Trog's Hand       |       |       |       |     3 |       ||     3
       Burn Spellbooks   |       |       |       |     3 |       ||     3
       Berserk           |       |       |       |     4 |     1 ||     5
 Abil: Evoke Blink       |       |       |       |     2 |       ||     2
  Use: Potion            |     2 |     8 |     4 |     6 |     1 ||    21
       Scroll            |     6 |     4 |     6 |    18 |     2 ||    36
 Stab: Invisible         |       |     1 |       |       |       ||     1
  Eat: Chunk             |     1 |    10 |     8 |       |       ||    19
       Pizza             |     1 |       |       |     3 |       ||     4
       Bread ration      |       |       |     2 |     1 |     1 ||     4
       Royal jelly       |       |       |     1 |     1 |       ||     2
       Fruit             |       |       |     1 |     2 |       ||     3
       Beef jerky        |       |       |       |     2 |       ||     2
       Meat ration       |       |       |       |     3 |     1 ||     4
